 Dungeon Crawl Stone Soup version 0.29.1-2-gbd0b4ee654 (webtiles) character file.

Game seed: 14769263893400195161

954 Raikaria the Cutter (level 8, -5/61 HPs)
             Began as a Djinni Gladiator on Nov 10, 2022.
             Was a Follower of Ashenzari.
             Slain by an ice beast (21 damage)
             ... on level 7 of the Dungeon.
             The game lasted 00:16:01 (5099 turns).

Raikaria the Cutter (Djinni Gladiator)              Turns: 5099, Time: 00:16:01

Health: -5/61      AC:  8    Str: 15    XL:     8   Next: 36%
Gold:   156        EV: 13    Int: 10    God:    Ashenzari [*.....] SH:  0 Dex: 15

rFire   + + .      SeeInvis .   q - +2 dagger (speed)
rCold   x . .      Faith    .   (no shield)
rNeg    . . .      Spirit   .   b - +0 leather armour
rPois   ∞          Reflect  .   c - +2 helmet of Supernal Wisdom {Range, Self} (curse)
rElec   .          Harm     .   (no cloak)
rCorr   .          Rampage  .   l - +0 pair of gloves
Will    .....                   (boots unavailable)
Stlth   +.........              x - amulet of Ashenzari's Omen {Regen+, Melee, Range} (curse)
HPRegen 1.00/turn               (no ring)
MPRegen 0.00/turn               (no ring)

@: flying
A: sickness immunity, fire resistance 2, cold vulnerability 1, float, innate
caster, HP casting, extra vitality 1
a: Renounce Religion, Shatter the Chains


You were on level 7 of the Dungeon.
You worshipped Ashenzari.
Ashenzari was aware of your devotion.
You visited 1 branch of the dungeon, and saw 7 of its levels.
You also visited: Sewer.

You collected 331 gold pieces.
You spent 175 gold pieces at shops.

Inventory:

Hand Weapons
 a - a +0 rapier
 g - a +2 dagger of venom
 q - a +2 dagger of speed (weapon)
Missiles
 d - 3 throwing nets (quivered)
 e - a javelin
Armour
 b - a +0 leather armour (worn)
 c - the cursed +2 helmet of Supernal Wisdom (worn) {Range, Self}

   It has a curse which improves the following skills: Ranged Combat: Ranged
   Weapons and Throwing.
   Introspection: Fighting and Spellcasting.
 l - a +0 pair of gloves (worn)
Jewellery
 x - the cursed amulet of Ashenzari's Omen (around neck) {Regen+, Melee, Range}
   (You found it on level 4 of the Dungeon)

   [amulet of regeneration]

   Regen:     It increases your rate of health regeneration.
   It has a curse which improves the following skills: Melee Combat: Short
   Blades, Long Blades, Axes, Maces & Flails, Polearms, Staves and Unarmed
   Combat.
   Ranged Combat: Ranged Weapons and Throwing.
Wands
 u - a wand of digging (1)
 y - a wand of mindburst (19)
Scrolls
 j - 4 scrolls of magic mapping
 m - 6 scrolls of identify
 o - a scroll of butterflies
 s - a scroll of immolation
 t - 2 scrolls of brand weapon
 w - a scroll of summoning
 A - 3 scrolls of fear
 B - 2 scrolls of teleportation
Potions
 f - 2 potions of mutation
 h - 7 potions of curing
 i - 2 potions of berserk rage
 k - 3 potions of cancellation
 p - 4 potions of lignification
 r - a potion of flight
 v - 2 potions of haste
 C - a potion of experience


   Skills:
 + Level 4.9(5.7) Fighting
 + Level 5.2(6.0) Short Blades
 - Level 1.5(2.5) Throwing
 + Level 4.6 Armour
 - Level 5.0 Dodging
 - Level 0.7 Stealth


You had one spell level left.
You knew the following spells:

 Your Spells              Type           Power      Damage    Failure   Level
a - Foxfire               Conj/Fire      0%         2x1d4     41%         1
b - Wereblood             Tmut           0%         N/A       54%         2
c - Stone Arrow           Conj/Erth      0%         3d7       78%         3
Your spell library was empty.

Dungeon Overview and Level Annotations

Branches:
Dungeon (7/15)             Temple (0/1) D:6           Sewer (visited)

Altars:
Ashenzari
Cheibriados
Gozag
Zin

Shops:
D:3 ?


Innate Abilities, Weirdness & Mutations

You are immune to sickness and miasma.
You are immune to poison.
Your flesh is very heat resistant. (rF++)
You are vulnerable to cold. (rC-)
You float through the air rather than walking.
You learn spells naturally, not from books.
Your magical power is your life essence.
You have superior vitality. (+4 MHP)


Message History

The ice beast is heavily wounded.
The ice beast closely misses you. The ice beast hits you.
The ice beast freezes you!!
You feel a terrible chill!
You hit the ice beast.
The ice beast is severely wounded.
The ice beast hits you but does no damage.
The ogre attacks as you move away! The ogre hits you with a +0 giant club!
* * * LOW HITPOINT WARNING * * *
The ice beast barely misses you.
There is a stone staircase leading down here.
The ice beast hits you but does no damage.
You fly downwards.
There is a stone staircase leading up here.
You barely miss the ice beast.
The ice beast is severely wounded.
You barely miss the ice beast.
The ice beast is severely wounded.
You hit the ice beast but do no damage.
The ice beast is severely wounded.
The ice beast hits you. The ice beast freezes you!
You feel a terrible chill!
* * * LOW HITPOINT WARNING * * *
You hit the ice beast but do no damage.
The ice beast is severely wounded.
You hit the ice beast.
You punch the ice beast, but do no damage.
The ice beast is severely wounded.
The ice beast completely misses you.
You hit the ice beast.
The ice beast is almost dead.
You hit the ice beast but do no damage.
The ice beast is almost dead.
The ice beast hits you but does no damage.
You hit the ice beast.
The ice beast is almost dead.
You barely miss the ice beast.
The ice beast is almost dead.
The ice beast hits you.
* * * LOW HITPOINT WARNING * * *
The ice beast freezes you!!
You feel a terrible chill!
You die...

#########.
#.@.......
#Y######..
#. .# ..
... ##..!
.## .....
.#


You could see an ice beast.

Vanquished Creatures
  Pargi (Sewer)
  A black bear (D:6)
  An ice beast (D:6)
  A kobold brigand (D:6)
  A necrophage (D:5)
  2 howler monkeys
  A hound (D:5)
  An orc priest (D:3)
  3 jellies
  Robin (D:4)
  7 adders
  11 gnolls
  A shadow imp (D:4)
  A worm (D:4)
  3 dart slugs
  3 orcs
  7 endoplasms
  8 giant cockroaches
  19 goblins
  10 hobgoblins
  6 jackals
  6 quokkas
  10 ball pythons
  4 bats
  8 frilled lizards
  15 kobolds
  5 rats
137 creatures vanquished.

Notes
Turn   | Place    | Note
-------+----------+-------------------------------------------
     0 | D:1      | Raikaria the Djinni Gladiator began the quest for the Orb.
     0 | D:1      | Reached XP level 1. HP: 18/18 MP: 0/0
   306 | D:2      | Reached XP level 2. HP: 19/23 MP: 0/0
   495 | D:2      | Reached XP level 3. HP: 18/28 MP: 0/0
   495 | D:2      | Learned a level 1 spell: Foxfire
   653 | D:1      | Reached skill level 1 in Armour
   771 | D:1      | Found a faded altar of an unknown god.
   786 | D:1      | Reached XP level 4. HP: 27/34 MP: 0/0
  2145 | D:2      | Reached XP level 5. HP: 34/39 MP: 0/0
  2145 | D:2      | Learned a level 2 spell: Wereblood
  2754 | D:3      | Found Zaqimy's Magic Scroll Emporium.
  2759 | D:3      | Bought a scroll of identify for 26 gold pieces
  2759 | D:3      | Bought a scroll of identify for 26 gold pieces
  2759 | D:3      | Bought a scroll of brand weapon for 123 gold pieces
  3054 | D:3      | Found a broken altar of Ashenzari.
  3055 | D:3      | Found a snail-covered altar of Cheibriados.
  3063 | D:3      | Became a worshipper of Ashenzari the Shackled
  3134 | D:3      | Found a glowing silver altar of Zin.
  3156 | D:3      | Found an opulent altar of Gozag.
  3253 | D:3      | Reached XP level 6. HP: 44/45 MP: 0/0
  3596 | D:5      | Entered Level 5 of the Dungeon
  4036 | D:4      | Noticed Robin
  4065 | D:4      | Killed Robin
  4066 | D:4      | Reached skill level 5 in Dodging
  4066 | D:4      | Reached XP level 7. HP: 21/50 MP: 0/0
  4066 | D:4      | Learned a level 3 spell: Stone Arrow
  4485 | D:6      | Found a staircase to the Ecumenical Temple.
  4574 | D:6      | Reached XP level 8. HP: 47/58 MP: 0/0
  4717 | D:6      | Found a glowing drain.
  4731 | D:6      | Reached skill level 5 in Short Blades
  4745 | Sewer    | Entered a sewer
  4853 | Sewer    | Noticed Pargi
  4880 | Sewer    | Killed Pargi
  4956 | D:6      | Reached * piety under Ashenzari
  5099 | D:7      | Slain by an ice beast

Illustrated notes

Levels and vault maps discovered:
D:1:      minmay_arrival_widening_spiral_narrow, layout_rooms,
          hellmonk_ecumenical_altar_dog_temple
D:2:      layout_basic
D:3:      minmay_chambers_of_threes, layout_basic,
          pdpol_temple_overflow_zin_treasury_gozag_greed,
          nicolae_kikubaaqudgha_miasma_corner, grunt_temple_overflow_open,
          serial_shops, nicolae_shop_advertising_works
          [nicolae_subvault_shop_adworks], nicolae_titane
D:4:      layout_basic, serial_bayou_crossing, uniq_robin
D:5:      layout_rooms
D:6:      layout_gridville, minmay_temple_entry_grid, gup_sewer_entry_pipe
D:7:      layout_loops_ring, tso_metal_star, mainiacjoe_overflow_brackets,
          serial_shops, shop, minmay_circle_x, uniq_maggie

Skill      XL: |  1  2  3  4  5  6  7  8 |
---------------+-------------------------+-----
Short Blades   | 3 4 5 |  5.2
Armour         | 1 2 3 4 |  4.6
Dodging        | 4 5 |  5.0
Fighting       | 3 4 |  4.9
Throwing       | |  1.5
Stealth        | |  0.7

Action                   |  1- 3 |  4- 6 |  7- 9 || total
-------------------------+-------+-------+-------++-------
Melee: Dagger            |    63 |   252 |   221 ||   536
       Rapier            |     6 |       |       ||     6
       Punch             |     1 |     3 |     3 ||     7
Invok: Curse Item        |       |     1 |     1 ||     2
  Use: Scroll            |       |     2 |     5 ||     7
       Potion            |       |     2 |       ||     2
 Stab: Distracted        |       |     1 |       ||     1
       Sleeping          |       |       |     1 ||     1
Armor: Leather armour    |    24 |    58 |    53 ||   135
Dodge: Dodged            |    50 |   153 |   102 ||   305
